 Dungeon Crawl Stone Soup version 0.22.1-2-g9c5b331 (webtiles) character file.

4068 thomasnlv21 the Cleaver (level 10, 0/136 HPs)
             Began as a Minotaur Berserker on Nov 18, 2018.
             Was a High Priest of Trog.
             Succumbed to Maurice's poison
             ... on level 8 of the Dungeon.
             The game lasted 00:27:28 (8680 turns).

thomasnlv21 the Cleaver (Minotaur Berserker)        Turns: 8680, Time: 00:27:28

Health: 0/136      AC: 25    Str: 24    XL:     10   Next: 5%
Magic:  9/9        EV:  2    Int:  4    God:    Trog [*****.]
Gold:   0          SH:  0    Dex: 11    Spells: 9/9 levels left

rFire    x . .     SeeInvis .   t - +0 broad axe
rCold    + . .     Gourm    .   (no shield)
rNeg     + + +     Faith    .   (armour currently unavailable)
rPois    +         Spirit   .   (helmet currently unavailable)
rElec    .         Reflect  .   (cloak currently unavailable)
rCorr    .         Harm     .   (gloves currently unavailable)
MR       .....     NoTele   +   (boots currently unavailable)
Stlth    +.........             (no amulet)
HPRegen  0.32/turn              i - ring of ice
MPRegen  0.11/turn              j - ring of poison resistance

@: lethally poisoned (0 -> -3), tree-form (expiring), berserk cooldown, slowed,
very slow
A: (retaliatory headbutt), subdued magic 1, MP-powered wands
a: Berserk, Trog's Hand, Brothers in Arms, Renounce Religion


You were on level 8 of the Dungeon.
You worshipped Trog.
Trog was extremely pleased with you.
You were near starving.
You were a tree.
You visited 2 branches of the dungeon, and saw 9 of its levels.

Inventory:

Hand Weapons
 t - a +0 broad axe (weapon)
Armour
 s - a +1 pair of gloves (melded)
 u - a +0 plate armour (melded)
 v - a +0 pair of boots (melded)
 x - a +0 cloak (melded)
Jewellery
 i - a ring of ice (left branch)
 j - a ring of poison resistance (right branch)
 l - an uncursed ring of resist corrosion
Wands
 e - a wand of random effects (30)
 w - a wand of iceblast (13)
Scrolls
 d - 3 scrolls of identify
 g - 3 scrolls of immolation
 k - 6 scrolls of teleportation
Potions
 f - a potion of ambrosia
 h - 2 potions of magic
 o - 3 potions of flight
Comestibles
 c - 9 rations
 q - 7 chunks of flesh


   Skills:
 + Level 9.4 Fighting
 + Level 9.5 Axes
 + Level 9.0 Armour
 + Level 8.3 Dodging


You had 9 spell levels left.
You didn't know any spells.
Your spell library was empty.

Dungeon Overview and Level Annotations

Branches:
Dungeon (8/15)             Temple (1/1) D:5
   Lair: D:8-11

Altars:
Ashenzari
Cheibriados
Dithmenos
Fedhas
Hepliaklqana
Kikubaaqudgha
Makhleb
Okawaru
Qazlal
Ru
Sif Muna
Trog
Uskayaw
Vehumet
Wu Jian
Xom
Yredelemnul
Zin
The Shining One

Shops:
D:7 [


Innate Abilities, Weirdness & Mutations

((You reflexively headbutt those who attack you in melee.))
((You have a pair of horns on your head.))
((You have sharp toenails.))
((You are partially covered in large bone plates. (SH +4)))
Your spells are a little easier to cast, but a little less powerful.
You expend magic power (3 MP) to strengthen your wands.


Message History

There is a lethal amount of poison in your body!
Okay, then.
Okay, then.
* * * LOW HITPOINT WARNING * * *
You feel sick.
* * * LOW HITPOINT WARNING * * *
You feel sick.
* * * LOW HITPOINT WARNING * * *
You feel sick.
The bullfrog croaks.
* * * LOW HITPOINT WARNING * * *
You feel sick.
Your transformation is almost over.
* * * LOW HITPOINT WARNING * * *
You feel sick.
The bullfrog hits you but does no damage.
* * * LOW HITPOINT WARNING * * *
You feel sick.
The bullfrog hits you but does no damage. x2
You die...

#)# #.....((.(.###
#.#
#.####......(#####
#(# #...#.)()...#
#(# #######)###.#
#.# #)# #(## # #.#
#..##.# #(#
...[..# #)#
##.#### #♣# ##.#
...>...F.......
##.#
.#.............
.#.#
#..###.#.#.###
...# #. #.#.# #
.#.### # #.#.#
...... ... #
....... ..#
...####..


You could see a bullfrog.

Vanquished Creatures
  Pikel (D:7)
  A hornet (D:7)
  2 hippogriffs
  Sigmund (D:3)
  A slave (D:7)
  Duvessa (D:7)
  2 orc warriors (D:6)
  2 ice beasts (D:7)
  3 ogres
  4 centaurs
  5 bullfrogs
  Dowan (D:7)
  A scorpion (D:4)
  2 howler monkeys
  2 crimson imps
  4 hounds
  2 jellies
  11 orc wizards
  6 orc priests
  Crazy Yiuf (D:7)
  Ijyb (D:4)
  3 bullfrog skeletons
  5 worker ants
  9 adders
  10 gnolls
  A shadow imp (D:8)
  An ooze (D:3)
  2 worms
  A dart slug (D:3)
  12 leopard geckos
  26 orcs
  3 bats (D:1)
  3 giant cockroaches
  8 goblins
  7 hobgoblins
  6 jackals (D:7)
  3 quokkas
  2 ball pythons
  5 frilled lizards
  A jackal skeleton (D:4)
  9 kobolds
  2 quokka skeletons
  12 rats
185 creatures vanquished.

Vanquished Creatures (others)
  Maurice (D:8)
  A leopard gecko skeleton (D:7)
2 creatures vanquished.

Grand Total: 187 creatures vanquished

Notes
Turn   | Place    | Note
-------+----------+-------------------------------------------
     0 | D:1      | thomasnlv21 the Minotaur Berserker began the quest for the
                  | Orb.
     0 | D:1      | Reached XP level 1. HP: 19/19 MP: 0/0
   141 | D:1      | Reached XP level 2. HP: 27/27 MP: 1/1
   686 | D:1      | Reached ** piety under Trog
   692 | D:1      | Reached XP level 3. HP: 25/33 MP: 2/2
  1544 | D:2      | Found a burning altar of Makhleb.
  1882 | D:3      | Noticed Sigmund
  1889 | D:3      | Killed Sigmund
  1889 | D:3      | Reached XP level 4. HP: 41/41 MP: 3/3
  1889 | D:3      | Reached XP level 5. HP: 47/47 MP: 4/4
  1947 | D:3      | Reached skill level 5 in Axes
  2012 | D:3      | Reached skill level 5 in Fighting
  2165 | D:3      | Reached *** piety under Trog
  2202 | D:3      | Noticed an ogre
  2208 | D:3      | Killed an ogre
  2208 | D:3      | Reached XP level 6. HP: 32/56 MP: 5/5
  3255 | D:4      | Gained mutation: You are partially covered in large bone
                  | plates. (SH +4) [potion of mutation]
  3255 | D:4      | Gained mutation: Your spells are a little easier to cast,
                  | but a little less powerful. [potion of mutation]
  3255 | D:4      | Gained mutation: You expend magic power (3 MP) to
                  | strengthen your wands. [potion of mutation]
  3255 | D:4      | Gained mutation: You have sharp toenails. [potion of
                  | mutation]
  3319 | D:4      | Noticed Ijyb
  3325 | D:4      | Killed Ijyb
  3517 | D:4      | Reached skill level 5 in Armour
  3517 | D:4      | Reached XP level 7. HP: 40/62 MP: 6/6
  3757 | D:4      | Found a hazy altar of Hepliaklqana.
  4226 | D:5      | Entered Level 5 of the Dungeon
  4264 | D:5      | Found a glowing golden altar of the Shining One.
  4357 | D:5      | Reached skill level 5 in Dodging
  4480 | D:5      | Found a staircase to the Ecumenical Temple.
  4580 | Temple   | Entered the Ecumenical Temple
  5436 | D:6      | Reached XP level 8. HP: 65/71 MP: 7/7
  6210 | D:6      | Reached **** piety under Trog
  6852 | D:7      | Noticed a hornet
  6866 | D:7      | Killed a hornet
  7182 | D:7      | Noticed Duvessa
  7182 | D:7      | Noticed Dowan
  7191 | D:7      | Killed Duvessa
  7196 | D:7      | Reached XP level 9. HP: 81/81 MP: 8/8
  7210 | D:7      | Killed Dowan
  7421 | D:7      | Found an iron altar of Okawaru.
  7421 | D:7      | Found a sacrificial altar of Ru.
  7605 | D:7      | Noticed Pikel
  7615 | D:7      | Killed Pikel
  8178 | D:7      | Found a runed door.
  8182 | D:7      | Noticed Crazy Yiuf
  8187 | D:7      | Killed Crazy Yiuf
  8260 | D:7      | Found Ytuge's Antique Armour Shoppe.
  8309 | D:8      | Reached ***** piety under Trog
  8440 | D:8      | Got a crystal fustibalus
  8471 | D:8      | Identified the cursed +0 fustibalus "Irphay" {velocity,
                  | Int+6} (You found it on level 8 of the Dungeon)
  8634 | D:8      | Noticed Maurice
  8651 | D:8      | Reached XP level 10. HP: 91/91 MP: 9/9
  8666 | D:8      | Killed Maurice
  8674 | D:8      | HP: 6/136 [poisoned by Maurice]
  8678 | D:8      | HP: 2/136 [poisoned by Maurice]
  8680 | D:8      | Succumbed to Maurice's poison

Skill      XL: |  1  2  3  4  5  6  7  8  9 |
---------------+----------------------------+-----
Axes           | 4 5 6 8 9 |  9.5
Fighting       | 4 5 6 7 9 |  9.4
Armour         | 3 4 5 6 7 9 |  9.0
Dodging        | 3 4 5 6 8 |  8.3

Action                   |  1- 3 |  4- 6 |  7- 9 | 10-12 || total
-------------------------+-------+-------+-------+-------++-------
Melee: Hand axe          |    84 |    84 |   148 |       ||   316
       Headbutt          |    12 |    15 |    68 |     3 ||    98
       Kick              |       |     1 |     4 |       ||     5
       Broad axe         |       |       |   198 |    15 ||   213
Invok: Berserk           |     1 |     1 |     7 |       ||     9
  Use: Scroll            |     3 |     2 |     4 |     1 ||    10
       Potion            |     1 |     5 |     1 |     1 ||     8
  Eat: Chunk             |     3 |     5 |    17 |       ||    25
       Ration            |       |     1 |     1 |       ||     2
Armor: Animal skin       |    11 |       |       |       ||    11
       Ring mail         |     7 |    18 |    15 |       ||    40
       Chain mail        |       |       |    27 |       ||    27
       Scale mail        |       |       |     9 |       ||     9
       Plate armour      |       |       |   129 |    20 ||   149
       Skin              |       |       |       |     3 ||     3
Dodge: Dodged            |    78 |    61 |   168 |     5 ||   312
Block: Other             |       |     3 |    65 |     3 ||    71
